 Dungeon Crawl Stone Soup version 0.26-a0-1164-g1a551d6a14 (webtiles) character file.

Game seed: 7100158685113156551

151 uibert the Grave Robber (level 5, -1/35 HPs)
             Began as a Demonspawn Necromancer on Dec 23, 2020.
             Slain by an orc priest
             ... wielding a +0 mace
              (7 damage)
             ... on level 3 of the Dungeon.
             The game lasted 00:10:27 (2890 turns).

uibert the Grave Robber (Demonspawn Necromancer)    Turns: 2890, Time: 00:10:27

Health: -1/35      AC:  8    Str: 10    XL:     5   Next: 11%
Magic:  8/9        EV: 12    Int: 16    God:
Gold:   201        SH:  0    Dex: 13    Spells: 5/10 levels left

rFire    + . .     SeeInvis .   c - +2 whip (flame)
rCold    . . .     Faith    .   (no shield)
rNeg     . . .     Spirit   .   r - +2 robe
rPois    .         Reflect  .   y - +0 helmet
rElec    .         Harm     .   (no cloak)
rCorr    .         Rampage  .   h - +0 pair of gloves
Will     .....                  (no boots)
Stlth    ++........             (no amulet)
HPRegen  0.11/turn              d - ring of protection from fire
MPRegen  0.11/turn              g - ring of flight

@: no status effects
A: slimy green scales 1, powered by death 2
a: Evoke Flight


You were on level 3 of the Dungeon.
You visited 1 branch of the dungeon, and saw 3 of its levels.

You collected 201 gold pieces.

Inventory:

Hand Weapons
 c - a +2 whip of flaming (weapon)
 x - a +1 vorpal hunting sling
Missiles
 k - 20 poisoned darts (quivered)
 v - 3 curare-tipped darts
Armour
 a - a +0 robe
 h - a +0 pair of gloves (worn)
 m - a -2 helmet
 r - a +2 robe (worn)
 y - a +0 helmet (worn)
Jewellery
 d - a ring of protection from fire (left hand)
 g - a ring of flight (right hand)
 t - an uncursed ring of protection from fire
Wands
 q - a wand of iceblast (12)
Scrolls
 f - 4 scrolls of identify
 n - 3 scrolls of remove curse
 u - a scroll of amnesia {unknown}
 w - a scroll of immolation {unknown}
Potions
 b - a potion of attraction {unknown}
 e - a potion of might {unknown}
 i - a potion of brilliance {unknown}
 j - a potion of heal wounds {unknown}
 l - a potion of cancellation {unknown}
 o - 3 potions of curing {unknown}
 p - a potion of lignification {unknown}
 s - a potion of berserk rage {unknown}


   Skills:
 - Level 1.7 Dodging
 - Level 1.7 Stealth
 + Level 3.2 Spellcasting
 * Level 6.3 Necromancy


You had 5 spell levels left.
You knew the following spells:

 Your Spells              Type           Power        Failure   Level
a - Pain                  Necr           88%          1%          1
b - Animate Skeleton      Necr           44%          1%          1
c - Vampiric Draining     Necr           11%          4%          3

Your spell library contained the following spells:

 Spells                   Type           Power        Failure   Level
 Animate Dead             Necr           11%          14%         4
 Agony                    Necr           22%          36%         5


Dungeon Overview and Level Annotations

Branches:
Dungeon (3/15)

Altars:
Okawaru


Innate Abilities, Weirdness & Mutations

You are partially covered in slimy green scales. (AC +2)
You regenerate health from kills.


Message History

The orc is almost dead.
The orc hits you. The orc barely misses you.
You barely miss the orc.
The orc is almost dead.
The orc priest hits you with a +0 mace. The orc hits you.
An orc comes into view. It is wielding a +0 flail.
The orc hits you with a +0 flail!
The orc shouts!
The orc misses you.
You closely miss the orc priest. The orc priest hits you with a +0 mace.
* * * LOW HITPOINT WARNING * * *
You barely miss the orc priest.
The orc priest hits you but does no damage.
Casting: Pain (safe; 1% risk of failure)
Confirm with . or Enter, or press ? or * to list all spells.
Aiming: Pain (safe; 1% risk of failure)
Press: ? - help, Shift-Dir - straight line, f - orc priest
Aim: an orc priest, wielding a +0 mace (chance to affect: 81%)
The orc priest writhes in agony.
The orc priest hits you with a +0 mace!
You die...

....[...# .o.o.#
..†.....# ..o..#
.######........##
.# .#.......
.######.####...
......... #..
......... #.###
.........
#.)o#####
.........
#..oo@..#
#######.#
#..o###.# #
#...#...#
#...#.### #####.#
#.# #.#
################.#
.................#


You could see an orc priest and 3 orcs.

Vanquished Creatures
  Jessica (D:3)
  A gnoll (D:1)
  3 adders (D:2)
  4 oozes
  3 worms
  A dart slug (D:1)
  A leopard gecko (D:2)
  An orc (D:3)
  8 bats
  2 giant cockroaches
  8 goblins
  7 hobgoblins
  11 kobolds
  2 ball pythons
  5 frilled lizards
  6 rats
64 creatures vanquished.

Vanquished Creatures (collateral kills)
  A bat (D:1)
  A hobgoblin (D:1)
  A frilled lizard (D:1)
3 creatures vanquished.

Grand Total: 67 creatures vanquished

Notes
Turn   | Place    | Note
-------+----------+-------------------------------------------
     0 | D:1      | uibert the Demonspawn Necromancer began the quest for the
                  | Orb.
     0 | D:1      | Reached XP level 1. HP: 13/13 MP: 3/3
   466 | D:1      | Gained mutation: You regenerate a little health from kills.
                  | [demonic ancestry]
   466 | D:1      | Reached XP level 2. HP: 18/19 MP: 1/5
   539 | D:1      | Learned a level 1 spell: Animate Skeleton
   569 | D:1      | Reached skill level 5 in Necromancy
   579 | D:1      | Gained mutation: You are partially covered in slimy green
                  | scales. (AC +2) [demonic ancestry]
   579 | D:1      | Reached XP level 3. HP: 17/24 MP: 3/6
  1783 | D:2      | Learned a level 3 spell: Vampiric Draining
  1802 | D:2      | Reached XP level 4. HP: 30/30 MP: 5/8
  2332 | D:3      | Noticed Jessica
  2347 | D:3      | Killed Jessica
  2348 | D:3      | Reached skill level 6 in Necromancy
  2404 | D:3      | Found an iron altar of Okawaru.
  2432 | D:3      | Gained mutation: You regenerate health from kills. [demonic
                  | ancestry]
  2432 | D:3      | Reached XP level 5. HP: 35/35 MP: 9/9
  2890 | D:3      | Slain by an orc priest

Illustrated notes

Levels and vault maps discovered:
D:1:      heliophobic_arrival_glass_houses, layout_loops_ring, grunt_decor_cap
D:2:      layout_basic
D:3:      layout_basic, kennysheep_okawaru_gauntlet, uniq_jessica

Skill      XL: |  1  2  3  4 |
---------------+-------------+-----
Necromancy     | 5 6 |  6.3
Spellcasting   | 3 |  3.2
Dodging        | |  1.7
Stealth        | |  1.7

Action                   |  1- 3 |  4- 6 || total
-------------------------+-------+-------++-------
Melee: Unarmed           |     5 |       ||     5
       Whip              |    97 |    46 ||   143
 Cast: Pain              |    20 |    26 ||    46
       Animate Skeleton  |    12 |     1 ||    13
  Use: Scroll            |     4 |       ||     4
 Stab: Sleeping          |     3 |     3 ||     6
Armor: Robe              |    37 |    16 ||    53
Dodge: Dodged            |    62 |    25 ||    87

Table legend: (Time is in decaauts)
 A = Elapsed time spent in this place.
 B = Non-inter-level travel time spent in this place.
 C = Inter-level travel time spent in this place.
 D = Time resting spent in this place.
 E = Time spent auto-exploring this place.
 F = Levels seen in this place.
 G = Mean time per level.
                   A        B        C        D        E       F      G
               +--------+--------+--------+--------+--------+-----+--------+
         Total |   2912 |   2871 |     41 |    539 |   1375 |   3 |  970.7 |
       Dungeon |   2912 |   2871 |     41 |    539 |   1375 |   3 |  970.7 |
               +--------+--------+--------+--------+--------+-----+--------+

Top non-repeatable levels by time:
     D:1: 1311 daAuts
     D:2: 962 daAuts
     D:3: 637 daAuts
